 Dungeon Crawl Stone Soup version 0.30-a0-12-gd8047c6341 (webtiles) character file.

Game seed: 7689374671739018318

93 IdlyInterested the Trooper (level 4, 0/36 HPs)
             Began as a Demonspawn Wanderer on Aug 23, 2022.
             Blown up by Ijyb (16 damage)
             ... with a mindburst bolt
             ... on level 3 of the Dungeon.
             The game lasted 00:07:22 (3369 turns).

IdlyInterested the Trooper (Demonspawn Wanderer)    Turns: 3369, Time: 00:07:23

Health: 0/36       AC:  6    Str: 12    XL:     4   Next: 37%
Magic:  4/4        EV: 13    Int: 11    God:
Gold:   8          SH:  4    Dex: 17    Spells: 3/3 levels left

rFire   . . .      SeeInvis .    f - +0 short sword
rCold   . . .      Faith    .    (no shield)
rNeg    . . .      Spirit   .    d - +2 leather armour
rPois   .          Reflect  .    (no helmet)
rElec   .          Harm     .    g - +0 cloak
rCorr   .          Rampage  .    (no gloves)
Will    .....                    (no boots)
Stlth   ++........               (no amulet)
HPRegen 0.12/turn                (no ring)
MPRegen 0.09/turn                (no ring)

@: invisible
A: hooves 1, condensation shield, weakness stinger 1
a: no special abilities


You were on level 3 of the Dungeon.
You visited 1 branch of the dungeon, and saw 3 of its levels.

You collected 188 gold pieces.
You spent 180 gold pieces at shops.

Inventory:

Hand Weapons
 a - a +0 dagger
 f - a +0 short sword (weapon)
 m - a +0 spear
Missiles
 j - 6 boomerangs (quivered)
Armour
 d - a +2 leather armour (worn)
 g - a +0 cloak (worn)
Magical Staves
 k - a staff of fire
Jewellery
 i - an amulet of faith
Scrolls
 b - 2 scrolls of fog
 c - a scroll of blinking
 e - a scroll of identify
 l - 3 scrolls of teleportation
Potions
 h - a potion of lignification
 o - a potion of flight


   Skills:
 * Level 3.6 Fighting
 + Level 1.5 Short Blades
 - Level 1.0 Throwing
 - Level 1.0 Armour
 + Level 3.2 Dodging
 - Level 2.0 Stealth
 - Level 1.0 Evocations


You had 3 spell levels left.
You didn't know any spells.
Your spell library contained the following spells:

 Spells                   Type           Power      Damage    Failure   Level
 Foxfire                  Conj/Fire      0%         2x1d4     41%         1


Dungeon Overview and Level Annotations

Branches:
Dungeon (3/15)

Altars:

Shops:
D:2 !

Annotations:
D:3 Ijyb


Innate Abilities, Weirdness & Mutations

You have large cloven feet.
A meltable shield of frost defends you. (SH +4)
You have a small tail.


Message History

You hit Ijyb but do no damage. You tail-slap Ijyb, but do no damage.
Ijyb completely misses you.
You barely miss Ijyb. You kick Ijyb.
Ijyb is lightly wounded.
Ijyb hits you but does no damage.
You hit Ijyb but do no damage.
Ijyb is lightly wounded.
You block Ijyb's attack.
You closely miss Ijyb. You kick Ijyb.
Ijyb is lightly wounded.
Ijyb closely misses you.
You closely miss Ijyb.
Ijyb is lightly wounded.
Ijyb hits you but does no damage.
You hit Ijyb but do no damage. You kick Ijyb, but do no damage.
Ijyb is lightly wounded.
You block Ijyb's attack.
You closely miss Ijyb.
Ijyb is lightly wounded.
Ijyb hits you but does no damage.
Okay, then.
You hit Ijyb but do no damage.
Ijyb is lightly wounded.
Ijyb barely misses you.
You closely miss Ijyb.
Your tail-slap misses Ijyb.
Ijyb is lightly wounded.
Ijyb zaps a wand.
You barely resist. You hit Ijyb. You punch Ijyb, but do no damage.
Ijyb is lightly wounded.
Ijyb hits you with a +0 dagger.
You hit Ijyb but do no damage. Your kick misses Ijyb.
Ijyb is lightly wounded.
Ijyb closely misses you.
You barely miss Ijyb.
Ijyb is lightly wounded.
Ijyb zaps a wand.
Your mind is blasted!
Ouch! That really hurt!
You fade into invisibility!
Ijyb zaps a wand.
Your mind is blasted!
You die...

#
..##.#######
..?....g...##
.#####@###.##
#.## ##.##
#.## ##.# #.
#)# #. ##>#
##. ##.##
#.###.## ##
#...## .#
###.#


You could see Ijyb (unable to see you).

Vanquished Creatures
  An orc wizard (D:3)
  3 adders (D:2)
  A worm (D:2)
  2 orcs (D:3)
  4 ball pythons
  4 endoplasms
  5 giant cockroaches
  2 goblins (D:2)
  3 hobgoblins
  A quokka (D:2)
  4 bats
  2 frilled lizards
  2 kobolds (D:1)
  4 rats
38 creatures vanquished.

Notes
Turn   | Place    | Note
-------+----------+-------------------------------------------
     0 | D:1      | IdlyInterested the Demonspawn Wanderer began the quest for
                  | the Orb.
     0 | D:1      | IdlyInterested set off with the following items: a +0
                  | dagger, 2 scrolls of fog, a scroll of blinking, a +2
                  | leather armour.
     0 | D:1      | Reached XP level 1. HP: 16/16 MP: 1/1
   497 | D:1      | Discovered your monstrous ancestry.
   497 | D:1      | Gained mutation: You have large cloven feet. [demonic
                  | ancestry]
   497 | D:1      | Reached XP level 2. HP: 23/23 MP: 2/2
   540 | D:1      | You fall into a shaft and drop 1 floor!
   665 | D:2      | Reached skill level 1 in Short Blades
   895 | D:1      | Found a faded altar of an unknown god.
   903 | D:1      | Got Plato's Octavo of Hurting
   937 | D:1      | Gained mutation: A meltable shield of frost defends you.
                  | (SH +4) [demonic ancestry]
   937 | D:1      | Reached XP level 3. HP: 28/28 MP: 3/3
  1767 | D:2      | Found Pook's Distillery.
  2145 | D:2      | Bought a potion of degeneration for 12 gold pieces
  2779 | D:2      | Bought a potion of curing for 36 gold pieces
  2779 | D:2      | Bought a potion of flight for 36 gold pieces
  2838 | D:3      | Gained mutation: You have a small tail. [demonic ancestry]
  2838 | D:3      | Reached XP level 4. HP: 9/36 MP: 4/4
  3272 | D:2      | Bought a potion of invisibility for 96 gold pieces
  3346 | D:3      | Noticed Ijyb
  3369 | D:3      | Blown up by Ijyb

Illustrated notes

Levels and vault maps discovered:
D:1:      wheals_arrival_linesprint, layout_basic,
          shapermc_ecumenical_altar_rom_forum, grunt_decor_junction
D:2:      layout_loops_ring, serial_shops, nicolae_shop_hallway_plus,
          minmay_tromino_i2
D:3:      layout_loops_ring, uniq_ijyb, uniq_robin, uniq_jessica

Skill      XL: |  1  2  3 |
---------------+----------+-----
Stealth        | 2 |  2.0
Short Blades   | 1 |  1.5
Fighting       | 3 |  3.6
Dodging        | 3 |  3.2
Throwing       | |  1.0
Armour         | |  1.0
Evocations     | |  1.0

Action                   |  1- 3 |  4- 6 || total
-------------------------+-------+-------++-------
Melee: Dagger            |    31 |       ||    31
       Short sword       |   121 |    17 ||   138
       Kick              |    30 |     5 ||    35
       Punch             |     2 |     1 ||     3
       Tailslap          |       |     1 ||     1
Throw: Stone             |     3 |       ||     3
       Boomerang         |     2 |     1 ||     3
  Use: Scroll            |     3 |     1 ||     4
       Potion            |     1 |     1 ||     2
 Stab: Sleeping          |     3 |     1 ||     4
Armor: Leather armour    |    58 |     3 ||    61
Dodge: Dodged            |    80 |     7 ||    87
Block: Other             |     9 |     2 ||    11

Table legend: (Time is in decaauts)
 A = Elapsed time spent in this place.
 B = Non-inter-level travel time spent in this place.
 C = Inter-level travel time spent in this place.
 D = Time resting spent in this place.
 E = Time spent auto-exploring this place.
 F = Levels seen in this place.
 G = Mean time per level.
                   A        B        C        D        E       F      G
               +--------+--------+--------+--------+--------+-----+--------+
         Total |   3376 |   2871 |    505 |    821 |   1465 |   3 | 1125.3 |
       Dungeon |   3376 |   2871 |    505 |    821 |   1465 |   3 | 1125.3 |
               +--------+--------+--------+--------+--------+-----+--------+

Top non-repeatable levels by time:
     D:2: 1665 daAuts
     D:1: 1582 daAuts
     D:3: 128 daAuts
